 Dungeon Crawl Stone Soup version 0.22-a0-181-gb22368a (webtiles) character file.

422 Azzok the Fighter (level 6, -9/45 HPs)
             Began as a Gargoyle Berserker on Feb 14, 2018.
             Was a Priest of Trog.
             Mangled by Menkaure (12 damage)
             ... on level 4 of the Dungeon.
             The game lasted 00:04:14 (3110 turns).

Azzok the Fighter (Gargoyle Berserker)              Turns: 3110, Time: 00:04:15

Health: -9/45      AC: 11    Str: 23    XL:     6   Next: 95%
Magic:  6/6        EV: 12    Int:  7    God:    Trog [***...]
Gold:   173        SH:  0    Dex:  9    Spells: 5/5 levels left

rFire    . . .     SeeInvis .   a - +0 falchion
rCold    . . .     Gourm    .   (no shield)
rNeg     + . .     Faith    .   b - +0 animal skin
rPois    ∞         Spirit   .   (no helmet)
rElec    +         Reflect  .   j - +1 cloak
rCorr    .         Harm     .   (no gloves)
MR       .....                  d - +2 pair of boots
Stlth    +.........             (no amulet)
HPRegen  0.15/turn              (no ring)
MPRegen  0.10/turn              (no ring)

@: berserk cooldown, slowed, very slow
A: negative energy resistance 1, electricity resistance, unbreathing,
petrification resistance, rot immunity, AC +4
a: Berserk, Trog's Hand, Burn Spellbooks, Renounce Religion


You were on level 4 of the Dungeon.
You worshipped Trog.
Trog was most pleased with you.
You were very hungry.

You visited 1 branch of the dungeon, and saw 4 of its levels.

You collected 173 gold pieces.

Inventory:

Hand Weapons
 a - a +0 falchion (weapon)
Missiles
 k - 38 arrows
Armour
 b - a +0 animal skin (worn)
 d - a +2 pair of boots (worn)
 j - a +1 cloak (worn)
Jewellery
 e - a cursed ring of teleportation {unknown}
Scrolls
 g - a scroll of identify {unknown}
 i - a scroll of remove curse {unknown}
 l - a scroll of blinking {unknown}
 m - 2 scrolls of teleportation {unknown}
 p - a scroll of immolation {unknown}
 s - a scroll of noise {unknown}
 t - a scroll of amnesia {unknown}
Potions
 f - a potion of degeneration {unknown}
 h - a potion of heal wounds {unknown}
 n - a potion of brilliance {unknown}
 o - 2 potions of curing {unknown}
 q - 2 potions of flight {unknown}
Comestibles
 c - 5 rations


   Skills:
 + Level 8.3 Fighting
 - Level 2.6 Long Blades
 - Level 2.1 Armour
 - Level 1.5 Dodging


You had 5 spell levels left.
You didn't know any spells.

Dungeon Overview and Level Annotations

Branches:
Dungeon (4/15)
 Temple: D:4-7

Altars:
Nemelex Xobeh
Okawaru
Wu Jian

Annotations:
D:4 Menkaure


Innate Abilities, Weirdness & Mutations

You are resistant to torment.
Your stone body is resilient. (AC +4)
You are immune to poison.
You resist negative energy. (rN+)
You are resistant to electric shocks. (rElec)
You can survive without breathing.
You are immune to petrification.
You are immune to rotting.


Message History

You are feeling very hungry.
You barely miss Menkaure.
Menkaure is lightly damaged.
Menkaure hits you!!
* * * LOW HITPOINT WARNING * * *
You slash Menkaure!
Menkaure is moderately damaged.
Menkaure hits you but does no damage.
You barely miss Menkaure.
Menkaure is moderately damaged.
Menkaure closely misses you. x2; You riposte.
You barely miss Menkaure.
Menkaure is moderately damaged.
You hit Menkaure but do no damage.
Menkaure is moderately damaged.
Menkaure hits you.
* * * LOW HITPOINT WARNING * * *
You hit Menkaure.
Menkaure is heavily damaged.
Menkaure barely misses you. Menkaure hits you!
You die...

▒·▒ ▒·▒ ▒ ▒·▒ ▒·▒·▒
·▒·▒▒ ·l· ▒M▒ ▒@▒ ▒)▒ ▒
▒▒▒▒▒▒▒▒▒▒▒·▒▒···▒
▒▒▒▒▒▒·········†·†······
·······▒·········▒▒···▒▒
·▒▒▒···▒·▒▒▒▒▒▒▒▒▒ )▒▒
·▒ ▒············ ··▒ ▒
·▒ ▒▒··▒·▒▒▒▒▒▒▒ ▒·▒
·▒▒▒▒··▒·▒ ▒·▒


You could see Menkaure and an iguana.

Vanquished Creatures
  Edmund (D:4)
  An ogre (D:3)
  A hound (D:4)
  2 hound skeletons (D:4)
  4 gnolls (D:2)
  5 adders
  An ooze (D:2)
  A worm (D:2)
  2 dart slugs
  A leopard gecko (D:1)
  2 orcs
  6 bats
  4 giant cockroaches
  13 goblins
  3 hobgoblins
  4 jackals (D:1)
  7 kobolds
  2 quokkas
  A ball python (D:2)
  2 frilled lizards
  2 jackal skeletons (D:4)
  6 rats
71 creatures vanquished.

Notes
Turn   | Place    | Note
-------+----------+-------------------------------------------
     0 | D:1      | Azzok the Gargoyle Berserker began the quest for the Orb.
     0 | D:1      | Reached XP level 1. HP: 14/14 MP: 1/1
   507 | D:1      | Reached XP level 2. HP: 20/20 MP: 2/2
   545 | D:1      | Reached skill level 4 in Fighting
  1145 | D:1      | Reached XP level 3. HP: 24/24 MP: 3/3
  1329 | D:2      | Reached skill level 5 in Fighting
  1338 | D:2      | Reached ** piety under Trog
  1338 | D:2      | Reached XP level 4. HP: 18/31 MP: 4/4
  1514 | D:2      | Found a sparkling altar of Nemelex Xobeh.
  1517 | D:2      | Found a faded altar of an unknown god.
  1936 | D:2      | Reached skill level 6 in Fighting
  2009 | D:2      | Found an iron altar of Okawaru.
  2010 | D:2      | Found an ornate altar of the Wu Jian Council.
  2394 | D:3      | Reached XP level 5. HP: 33/36 MP: 5/5
  2786 | D:3      | Reached *** piety under Trog
  2791 | D:3      | Noticed an ogre
  2800 | D:3      | Killed an ogre
  2800 | D:3      | Reached skill level 7 in Fighting
  2800 | D:3      | Reached XP level 6. HP: 44/44 MP: 6/6
  3078 | D:4      | Noticed Edmund
  3102 | D:4      | Noticed Menkaure
  3104 | D:4      | Killed Edmund
  3104 | D:4      | Reached skill level 8 in Fighting
  3110 | D:4      | Mangled by Menkaure

Vault maps used:
D:1:      matt_arrival_refuge, serial_bayou_pond_d
D:2:      overflow_temple_1_default, gammafunk_temple_overflow_pools,
          chequers_ecumenical_altar_simple_redux
D:4:      first_ration, uniq_edmund, uniq_pikel, uniq_menkaure

Skill      XL: |  1  2  3  4  5  6 |
---------------+-------------------+-----
Fighting       | 4 5 6 7 8 |  8.3
Long Blades    | |  2.6
Armour         | |  2.1
Dodging        | |  1.5

Action                   |  1- 3 |  4- 6 || total
-------------------------+-------+-------++-------
Melee: Falchion          |    62 |   184 ||   246
Invok: Berserk           |     1 |     2 ||     3
 Stab: Sleeping          |       |     1 ||     1
  Eat: Chunk             |     1 |     8 ||     9
Armor: Animal skin       |    16 |    96 ||   112
Dodge: Dodged            |    39 |   127 ||   166
       Rpst.: Falchion   |    13 |    40 ||    53

Table legend:
 A = Spawn XP
 B = Non-spawn XP
 C = Spawn XP percentage of total XP
 D = Spawn monster count
 E = Non-spawn monster count
 F = Spawn count percentage of total count
 G = Total turns spent on level
                    A         B        C        D         E        F      G
               +---------+---------+-------+---------+---------+-------+---------
         Total |       0 |     604 |   0.0 |       0 |      71 |   0.0 |  3110
               +---------+---------+-------+---------+---------+-------+---------
           D:1 |       0 |      36 |   0.0 |       0 |      18 |   0.0 |  1311
           D:2 |       0 |     118 |   0.0 |       0 |      21 |   0.0 |   977
           D:3 |       0 |     186 |   0.0 |       0 |      23 |   0.0 |   681
           D:4 |       0 |     264 |   0.0 |       0 |       9 |   0.0 |   141
               +---------+---------+-------+---------+---------+-------+---------
